 Dungeon Crawl Stone Soup version 0.30-a0-51-g784eafce7f (webtiles) character file.

Game seed: 15003145665605454174

77 BritishOli the Trooper (level 4, -7/29 (37) HPs)
             Began as a Demonspawn Fighter on Sept 6, 2022.
             Mangled by an ice beast (10 damage)
             ... on level 3 of the Dungeon.
             The game lasted 00:03:07 (2437 turns).

BritishOli the Trooper (Demonspawn Fighter)         Turns: 2437, Time: 00:03:07

HP:   -7/29 (37)    AC:  9    Str: 18    XL:     4   Next: 14%
MP:   12/13         EV: 10    Int:  9    God:
Gold: 106           SH:  4    Dex: 13    Spells: 3/3 levels left

rFire   . . .      SeeInvis .    a - +0 long sword
rCold   . . .      Faith    .    c - +0 buckler
rNeg    + . .      Spirit   .    o - +2 ring mail "Coduimab" {Rampage rN+}
rPois   .          Reflect  .    (no helmet)
rElec   +          Harm     .    (no cloak)
rCorr   +          Rampage  +    k - +1 pair of gloves of the Shoals {+Inv rElec}
Will    .....                    (no boots)
Stlth   +.........               (no amulet)
HPRegen 0.09/turn                f - ring of magical power
MPRegen 0.13/turn                m - ring of resist corrosion

@: very slightly contaminated, heavily drained, invisible
A: foul stench 1, demonic touch 1
a: Evoke Invisibility


You were on level 3 of the Dungeon.
You visited 1 branch of the dungeon, and saw 3 of its levels.

You collected 106 gold pieces.

Inventory:

Hand Weapons
 a - a +0 long sword (weapon)
Armour
 c - a +0 buckler (worn)
 k - the +1 pair of gloves of the Shoals (worn) {+Inv rElec}
   (You found it on level 2 of the Dungeon)

   rElec:     It insulates you from electricity.
   +Inv:      It lets you turn invisible.
 l - a +0 plate armour
 o - the +2 ring mail "Coduimab" (worn) {Rampage rN+}
   (You found it on level 2 of the Dungeon)

   rN:        It protects you from negative energy.
   Rampage:   It bestows one free step when moving towards enemies.
Jewellery
 f - a ring of magical power (left hand)
 m - a ring of resist corrosion (right hand)
 n - a +6 ring of intelligence
Scrolls
 e - a scroll of fog {unknown}
 h - a scroll of vulnerability {unknown}
 j - a scroll of identify {unknown}
 p - a scroll of immolation {unknown}
 q - 2 scrolls of enchant armour {unknown}
Potions
 d - a potion of might
 g - a potion of heal wounds {unknown}
 i - 4 potions of curing {unknown}


   Skills:
 + Level 3.9 Fighting
 + Level 2.8 Long Blades
 - Level 3.0 Armour
 - Level 3.0 Shields


You had 3 spell levels left.
You didn't know any spells.
Your spell library contained the following spells:

 Spells                   Type           Power      Damage    Failure   Level
 Ignite Poison            Fire/Tmut/Pois 0%         N/A       95%         3
 Mephitic Cloud           Conj/Pois/Air  0%         N/A       95%         3
 Freezing Cloud           Conj/Ice/Air   0%         6-21      100%        5


Dungeon Overview and Level Annotations

Branches:
Dungeon (3/15)

Altars:


Innate Abilities, Weirdness & Mutations

You may rarely emit foul miasma when damaged in melee.
Your touch may inflict minor irresistible damage on your foes.


Message History

The ice beast hits you but does no damage.
You hit the ice beast but do no damage.
The ice beast is lightly wounded.
The ice beast barely misses you.
Okay, then.
You barely miss the ice beast.
The ice beast is lightly wounded.
You block the ice beast's attack. The ice beast hits you.
The ice beast freezes you!
You closely miss the ice beast.
The ice beast is lightly wounded.
The ice beast hits you. The ice beast freezes you!
* * * LOW HITPOINT WARNING * * *
You feel drained.
You fail to use your ability.
You block the ice beast's attack.
You feel drained.
You fade into invisibility!
You are very lightly contaminated with residual magic.
The ice beast hits you but does no damage.
You barely miss the ice beast.
The ice beast is lightly wounded.
The ice beast hits you but does no damage.
You slash the ice beast!
The ice beast is moderately wounded.
The ice beast hits you but does no damage. x2
You completely miss the ice beast.
The ice beast is moderately wounded.
The ice beast closely misses you.
You hit the ice beast.
The ice beast is moderately wounded.
The ice beast barely misses you.
You hit the ice beast but do no damage.
The ice beast is moderately wounded.
The ice beast completely misses you. You block the ice beast's attack.
You hit the ice beast but do no damage.
The ice beast is moderately wounded.
The ice beast hits you.
* * * LOW HITPOINT WARNING * * *
The ice beast freezes you!
You die...

## .# . .#
.##.# ... ...
#.# #Y# #
#@#######
.#.##.......#
.............#
....##.......#
#............#
....##.......#
.. #.......# .
#..<....#
#########


You could see an ice beast (unable to see you).

Vanquished Creatures
  Robin (D:2)
  A gnoll (D:1)
  A worm (D:2)
  A dart slug (D:1)
  4 endoplasms
  3 giant cockroaches
  12 goblins
  6 hobgoblins
  2 quokkas
  A ball python (D:2)
  3 bats
  7 kobolds
  6 rats
48 creatures vanquished.

Vanquished Creatures (others)
  2 fungi (D:2)
  7 plants (D:2)
9 creatures vanquished.

Grand Total: 57 creatures vanquished

Notes
Turn   | Place    | Note
-------+----------+-------------------------------------------
     0 | D:1      | BritishOli the Demonspawn Fighter began the quest for the
                  | Orb.
     0 | D:1      | Reached XP level 1. HP: 18/18 MP: 1/1
   372 | D:1      | Gained mutation: You may rarely emit foul miasma when
                  | damaged in melee. [demonic ancestry]
   372 | D:1      | Reached XP level 2. HP: 13/24 MP: 2/2
   959 | D:1      | Gained mutation: Your touch may inflict minor irresistible
                  | damage on your foes. [demonic ancestry]
   959 | D:1      | Reached XP level 3. HP: 29/29 MP: 3/3
  1246 | D:2      | Identified the +1 pair of gloves of the Shoals {+Inv rElec}
  2003 | D:2      | Identified the +2 ring mail "Coduimab" {Rampage rN+}
  2006 | D:2      | Noticed Robin
  2013 | D:2      | Killed Robin
  2014 | D:2      | Reached XP level 4. HP: 29/37 MP: 4/4
  2208 | D:2      | Found a faded altar of an unknown god.
  2419 | D:3      | Noticed an ice beast
  2437 | D:3      | Mangled by an ice beast

Illustrated notes

Levels and vault maps discovered:
D:1:      dpeg_cavernosity, layout_basic
D:2:      layout_rooms, shapermc_ecumenical_altar_mp_ritualfount, uniq_robin
D:3:      layout_loops_cross, nicolae_overflow_ecumenical_swirl,
          mrwooster_statue_mirror

Skill      XL: |  1  2 |
---------------+-------+-----
Long Blades    | 2 |  2.8
Armour         | 3 |  3.0
Shields        | 3 |  3.0
Fighting       | |  3.9

Action                   |  1- 3 |  4- 6 || total
-------------------------+-------+-------++-------
Melee: Long sword        |   117 |    33 ||   150
 Abil: Evoke Invisibilit |       |     1 ||     1
Armor: Scale mail        |    20 |       ||    20
       Plate armour      |    54 |    12 ||    66
       Ring mail         |       |     9 ||     9
Dodge: Dodged            |    46 |    11 ||    57
Block: Buckler           |    31 |     5 ||    36

Table legend: (Time is in decaauts)
 A = Elapsed time spent in this place.
 B = Non-inter-level travel time spent in this place.
 C = Inter-level travel time spent in this place.
 D = Time resting spent in this place.
 E = Time spent auto-exploring this place.
 F = Levels seen in this place.
 G = Mean time per level.
                   A        B        C        D        E       F      G
               +--------+--------+--------+--------+--------+-----+--------+
         Total |   2485 |   2455 |     30 |    726 |   1329 |   3 |  828.3 |
       Dungeon |   2485 |   2455 |     30 |    726 |   1329 |   3 |  828.3 |
               +--------+--------+--------+--------+--------+-----+--------+

Top non-repeatable levels by time:
     D:1: 1479 daAuts
     D:2: 971 daAuts
     D:3: 34 daAuts
